 Dungeon Crawl Stone Soup version 0.19-a0-1037-g36c65c9 (webtiles) character file.

5819 ImbarsBidbib the Carver (level 10, -3/74 HPs)
             Began as a Demonspawn Necromancer on July 30, 2016.
             Was a Believer of Kikubaaqudgha.
             Slain by a komodo dragon (22 damage)
             ... on level 1 of the Lair of Beasts.
             The game lasted 00:20:14 (9543 turns).

ImbarsBidbib the Carver (Demonspawn Necromancer)    Turns: 9543, Time: 00:20:15

Health: -3/74      AC: 10    Str:  9    XL:     10   Next: 51%
Magic:  0/16       EV: 13    Int: 20    God:    Kikubaaqudgha [**....]
Gold:   413        SH:  0    Dex: 13    Spells: 3 memorised, 4 levels left

rFire  . . .     SeeInvis .     a - +4 scimitar
rCold  . . .     Gourm    +     d - +2 leather armour {rPois}
rNeg   + . .     Faith    .     (no shield)
rPois  +         Spirit   +     x - +0 helmet
rElec  .         Dismiss  .     l - +1 cloak
rCorr  .         Reflect  .     i - +0 pair of gloves
SustAt .         Harm     .     (no boots)
MR     .....                    j - amulet of the gourmand
Stlth  ++........               (no ring)
                                p - ring of positive energy

@: not resistant to hostile enchantments, unstealthy
A: rugged brown scales 1, spiny 2, magic shield
a: Receive Corpses, Renounce Religion


You were on level 1 of the Lair of Beasts.
You worshipped Kikubaaqudgha.
Kikubaaqudgha was pleased with you.
You were completely stuffed.

You visited 2 branches of the dungeon, and saw 9 of its levels.

You collected 458 gold pieces.
You spent 45 gold pieces at shops.

Inventory:

Hand Weapons
 a - a +4 scimitar (weapon)
 H - a +0 falchion of electrocution
Armour
 d - a +2 leather armour of poison resistance (worn)
 i - a +0 pair of gloves (worn)
 l - a +1 cloak (worn)
 x - a +0 helmet (worn)
Rods
 E - a -2 rod of inaccuracy (13/13)
   (You found it on level 7 of the Dungeon)
Jewellery
 j - an amulet of the gourmand (around neck)
 p - a ring of positive energy (left hand)
Wands
 q - a wand of flame (17/48)
 t - a wand of iceblast (7/15)
 u - a wand of digging (14/24)
 D - a wand of lightning (13/15)
 I - a wand of lightning (3/15)
 K - a wand of flame (17/48)
Scrolls
 f - 10 scrolls of remove curse
 m - a scroll of magic mapping
 s - 2 scrolls of teleportation
 w - a scroll of enchant weapon
 y - a scroll of blinking
Potions
 e - 2 potions of invisibility
 h - 4 potions of curing
 k - 5 potions of mutation {unknown}
 n - a potion of resistance {unknown}
 v - 4 potions of heal wounds
 C - a potion of berserk rage {unknown}
 F - a potion of cure mutation
 L - a potion of cancellation
Books
 b - a book of Necromancy

   Spells                             Type                      Level
   a - Pain                           Necromancy                   1
   b - Animate Skeleton               Necromancy                   1
   c - Vampiric Draining              Necromancy                   3
   d - Regeneration                   Charms/Necromancy            3
   e - Animate Dead                   Necromancy                   4
   f - Control Undead                 Necromancy                   4
 g - a book of Unlife

   Spells                             Type                      Level
   a - Recall                         Summoning/Translocation      3
   b - Animate Dead                   Necromancy                   4
   c - Control Undead                 Necromancy                   4
   d - Cigotuvi's Embrace             Necromancy                   5
   e - Death Channel                  Necromancy                   6
   f - Simulacrum                     Ice/Necromancy               6
 o - a book of Changes

   Spells                             Type                      Level
   a - Beastly Appendage              Transmutation                1
   b - Sticks to Snakes               Transmutation                2
   c - Spider Form                    Transmutation/Poison         3
   d - Ice Form                       Ice/Transmutation            4
   e - Blade Hands                    Transmutation                5
 r - Kikubaaqudgha's Grimoire of Unholy Magic
   (Kikubaaqudgha gifted it to you on level 6 of the Dungeon)

   Spells                             Type                      Level
   a - Pain                           Necromancy                   1
   b - Corpse Rot                     Necromancy                   2
   c - Sublimation of Blood           Necromancy                   2
   d - Regeneration                   Charms/Necromancy            3
   e - Control Undead                 Necromancy                   4
Comestibles
 c - 10 bread rations
 z - 10 beef jerkies
 A - a slice of pizza
 G - 3 meat rations


   Skills:
 - Level 4.3 Fighting
 - Level 10.0 Long Blades
 - Level 4.3 Dodging
 - Level 1.7 Stealth
 - Level 4.1 Spellcasting
 - Level 7.3 Necromancy
 + Level 6.1 Ice Magic


You had 4 spell levels left.
You knew the following spells:

 Your Spells              Type           Power        Failure   Level  Hunger
b - Animate Dead          Necr           N/A          12%         4    ####...
c - Regeneration          Chrm/Necr      ###.......   14%         3    ###....
d - Simulacrum            Ice/Necr       ####......   99%         6    #######


Dungeon Overview and Level Annotations

Branches:
Dungeon (8/15)             Temple (0/1) D:5            Lair (1/6) D:8

Altars:
Ashenzari
Elyvilon
Fedhas
Kikubaaqudgha
Makhleb
Nemelex Xobeh
Okawaru
Pakellas
Qazlal
Sif Muna
Trog
Vehumet
Xom
Zin
The Shining One

Shops:
D:4 [   D:5 :


Innate Abilities, Weirdness & Mutations

You are partially covered in rugged brown scales. (AC +1, +3% HP)
You are mostly covered in sharp spines.
When hurt, damage is shared between your health and your magic reserves.


Message History

The komodo dragon is moderately wounded.
The komodo dragon bites you.
You slash the komodo dragon!
The komodo dragon is heavily wounded.
The komodo dragon bites you!
* * * LOW HITPOINT WARNING * * *
You hit the komodo dragon.
The komodo dragon is heavily wounded.
The komodo dragon barely misses you.
You barely miss the komodo dragon.
The komodo dragon is heavily wounded.
The komodo dragon bites you.
* * * LOW HITPOINT WARNING * * *
You hit the komodo dragon.
The komodo dragon is severely wounded.
You closely miss the komodo dragon.
The komodo dragon is severely wounded.
The komodo dragon bites you!!
You die...
Kikubaaqudgha rasps: "You have failed me!
Welcome... death!"

. ...#. .##..#.#......
..#. ......#...[..## ...
...#..##.+#.#.###..####.
.......#...#............
.........(..............
......#⌠.>.⌠#...........
......#.................
.........⌠.##./.@l......
#......##.###...........
##.....##+.##.?(..$#####
#......##..'.......#
.......##..#.......#
.#.....##..##......#
.......##..##......#
.#.....#.+###......#
##......#. #......#


You could see a komodo dragon.

Vanquished Creatures
  3 spiny frogs (Lair:1)
  A komodo dragon (Lair:1)
  The ghost of idiolect the Thaumaturge, a novice DECj (D:5)
  A basilisk (Lair:1)
  A hungry ghost (D:8)
  2 water moccasins (Lair:1)
  An orc warrior (D:8)
  2 sky beasts
  6 ogres
  3 centaurs
  3 phantoms (D:7)
  2 crocodiles
  Blork the orc (D:6)
  4 giant frogs
  2 big kobolds
  5 wights
  4 killer bees (D:8)
  3 howler monkeys
  5 crimson imps
  2 giant frog zombies
  A centaur zombie (D:7)
  2 hounds
  3 quasits
  2 orc priests
  A centaur skeleton (D:7)
  A gnoll shaman (D:8)
  2 giant frog skeletons
  5 iguanas
  Jessica (D:3)
  5 orc wizards
  8 worker ants
  A hound skeleton (D:4)
  A howler monkey zombie (D:6)
  7 adders
  4 gnolls (D:8)
  A shadow imp (D:7)
  An ooze (D:5)
  An adder skeleton (D:7)
  A worm (D:2)
  6 giant geckos
  26 orcs
  5 giant cockroaches
  6 goblins
  7 hobgoblins
  10 kobolds
  7 quokkas
  3 bats (D:1)
  A giant gecko zombie (D:6)
  3 giant newts
  2 quokka skeletons
  11 rats
  A bush (D:8)
188 creatures vanquished.

Vanquished Creatures (collateral kills)
  A spiny frog (Lair:1)
  Prince Ribbit (D:8)
  A big kobold (D:8)
  A worm (D:4)
  2 kobolds (D:8)
6 creatures vanquished.

Vanquished Creatures (others)
  A black bear (D:7)
  An orc wizard (D:7)
  An orc priest (D:7)
3 creatures vanquished.

Grand Total: 197 creatures vanquished

Notes
Turn   | Place    | Note
-------+----------+-------------------------------------------
     0 | D:1      | ImbarsBidbib the Demonspawn Necromancer began the quest for the Orb.
     0 | D:1      | Reached XP level 1. HP: 13/13 MP: 3/3
   157 | D:1      | Gained mutation: You are partially covered in rugged brown scales. (AC +1, +3% HP) [demonic ancestry]
   157 | D:1      | Reached XP level 2. HP: 7/19 MP: 0/5
   248 | D:1      | Reached skill level 5 in Necromancy
  1320 | D:1      | Gained mutation: You are partially covered in sharp spines. [demonic ancestry]
  1320 | D:1      | Reached XP level 3. HP: 24/24 MP: 6/6
  1448 | D:2      | Found an oddly glowing altar of Pakellas.
  1952 | D:2      | Gained mutation: You are mostly covered in sharp spines. [demonic ancestry]
  1952 | D:2      | Reached XP level 4. HP: 30/30 MP: 7/7
  1961 | D:2      | Learned a level 4 spell: Animate Dead
  2225 | D:2      | You fall through a shaft!
  2579 | D:4      | Found a sparkling altar of Nemelex Xobeh.
  2698 | D:4      | Reached XP level 5. HP: 36/36 MP: 8/8
  2921 | D:3      | Found a white marble altar of Elyvilon.
  3335 | D:4      | Noticed an ogre
  3341 | D:4      | Noticed an ogre
  3345 | D:4      | Killed an ogre
  3345 | D:4      | Reached XP level 6. HP: 25/42 MP: 6/9
  3517 | D:4      | Reached skill level 1 in Long Blades
  3622 | D:4      | Found Noyhujee's Armour Boutique.
  3627 | D:4      | Bought a +0 helmet for 45 gold pieces
  3666 | D:4      | Reached skill level 2 in Long Blades
  3666 | D:4      | Reached XP level 7. HP: 45/47 MP: 5/10
  3798 | D:4      | Noticed a moth of wrath
  3801 | D:4      | Found a bloodstained altar of Trog.
  3826 | D:4      | Got a fine trident
  3827 | D:4      | Identified the cursed +3 trident "Futoythryol" {venom, rN++ Str-5} (You found it on level 4 of the Dungeon)
  3981 | D:3      | Found a burning altar of Makhleb.
  3982 | D:3      | Noticed a green death
  3984 | D:3      | Found a glowing silver altar of Zin.
  3984 | D:3      | Noticed an angel
  4154 | D:3      | Reached skill level 3 in Long Blades
  4422 | D:3      | Noticed Jessica
  4425 | D:3      | Killed Jessica
  4437 | D:3      | Found an ancient bone altar of Kikubaaqudgha.
  4443 | D:3      | Became a worshipper of Kikubaaqudgha
  4534 | D:5      | Entered Level 5 of the Dungeon
  4605 | D:5      | Found a staircase to the Ecumenical Temple.
  4692 | D:5      | Reached skill level 4 in Long Blades
  4711 | D:5      | Reached skill level 5 in Long Blades
  5019 | D:5      | Noticed idiolect's ghost (novice DECj)
  5028 | D:5      | Killed idiolect's ghost
  5028 | D:5      | Reached skill level 6 in Long Blades
  5028 | D:5      | Reached XP level 8. HP: 53/53 MP: 8/11
  5050 | D:5      | Found Cexaf's Book Shop.
  5062 | D:5      | Learned a level 3 spell: Regeneration
  5130 | D:5      | You fall through a shaft for 2 floors!
  5149 | D:7      | Found a bloodstained altar of Trog.
  5184 | D:6      | Identified a -2 rod of inaccuracy (13/13) (You found it on level 7 of the Dungeon)
  5280 | D:6      | Noticed Blork the orc
  5295 | D:6      | Killed Blork the orc
  5352 | D:5      | Reached skill level 7 in Long Blades
  5958 | D:6      | Reached skill level 8 in Long Blades
  6024 | D:6      | Gained mutation: When hurt, damage is shared between your health and your magic reserves. [demonic ancestry]
  6024 | D:6      | Reached XP level 9. HP: 24/58 MP: 12/12
  6244 | D:6      | Found a deep blue altar of Sif Muna.
  6418 | D:6      | Reached * piety under Kikubaaqudgha
  6418 | D:6      | Received a gift from Kikubaaqudgha
  6423 | D:6      | Identified Kikubaaqudgha's Grimoire of Unholy Magic (Kikubaaqudgha gifted it to you on level 6 of the Dungeon)
  6629 | D:7      | Reached skill level 9 in Long Blades
  6743 | D:7      | Found a shimmering altar of Xom.
  6858 | D:7      | Found an iron altar of Okawaru.
  7194 | D:7      | Found a shattered altar of Ashenzari.
  7298 | D:7      | Learned a level 6 spell: Simulacrum
  7358 | D:8      | Reached skill level 1 in Fighting
  7468 | D:8      | Noticed Prince Ribbit
  7498 | D:8      | Killed Prince Ribbit
  7974 | D:8      | Found a blossoming altar of Fedhas.
  7975 | D:8      | Found a stormy altar of Qazlal.
  8088 | D:8      | Found a radiant altar of Vehumet.
  8375 | D:8      | Found a staircase to the Lair.
  8396 | D:8      | Found a glowing golden altar of the Shining One.
  8445 | D:8      | Reached skill level 10 in Long Blades
  8481 | D:8      | Reached XP level 10. HP: 74/74 MP: 16/16
  8565 | D:8      | Reached skill level 1 in Ice Magic
  8613 | Lair:1   | Entered Level 1 of the Lair of Beasts
  8624 | Lair:1   | Noticed a spiny frog
  8634 | Lair:1   | Killed a spiny frog
  8706 | Lair:1   | Noticed a spiny frog
  8710 | Lair:1   | Killed a spiny frog
  8811 | Lair:1   | Noticed a spiny frog
  8819 | Lair:1   | Killed a spiny frog
  9259 | Lair:1   | Reached ** piety under Kikubaaqudgha
  9260 | Lair:1   | Noticed a spiny frog
  9281 | Lair:1   | Reached skill level 5 in Ice Magic
  9281 | Lair:1   | Killed a spiny frog
  9543 | Lair:1   | Slain by a komodo dragon

Vault maps used:
D:1:      dpeg_arrival_ternary, nrook_mini_vaults
D:2:      grunt_pakellas_salt
D:3:      grunt_temple_overflow_order_and_chaos_2, marbit_many_paths,
          nicolae_overflow_hidden_temple, st_stairs_9, uniq_jessica
D:4:      nemelex_xobeh_ov_fountains_minmay, tgw_trog, serial_shops, shop,
          first_bread, eino_small_chamber_without_monster, kennysheep_crisscross
D:5:      minmay_diamond_boxcup, serial_shops, shop
D:6:      lemuel_round_altar, kennysheep_generic_room_11, uniq_blork_the_orc
D:7:      xom_confusion_cloud, okawaru_metal_pillars_3, kennysheep_little_box,
          trog_three_pillars_becter
D:8:      grunt_temple_overflow_forces_of_nature, lemuel_round_altar,
          lair_0_dummy, grunt_ogre_cave, vehumet_altar_wand_db,
          uniq_prince_ribbit1
Lair:1:   st_stairs_13, columned_hall_lemuel, grunt_megastairs_1

Skill      XL: |  1  2  3  4  5  6  7  8  9 10 |
---------------+-------------------------------+-----
Necromancy     | 5 6 7 |  7.3
Dodging        | 3 4 |  4.3
Long Blades    | 2 6 8 10 | 10.0
Spellcasting   | 4 |  4.1
Fighting       | 4 |  4.3
Ice Magic      | 6 |  6.1
Stealth        | |  1.7

Action                   |  1- 3 |  4- 6 |  7- 9 | 10-12 || total
-------------------------+-------+-------+-------+-------++-------
Melee: Dagger            |   126 |   119 |    61 |       ||   306
       Short sword       |    14 |       |       |       ||    14
       Falchion          |       |       |   112 |       ||   112
       Scimitar          |       |       |   210 |    75 ||   285
 Cast: Pain              |     9 |     9 |     4 |       ||    22
       Animate Dead      |       |       |    17 |     6 ||    23
       Regeneration      |       |       |     1 |     1 ||     2
  Use: Scroll            |       |       |    16 |       ||    16
       Potion            |       |       |       |     3 ||     3
 Stab: Sleeping          |     1 |     1 |     3 |     1 ||     6
  Eat: Chunk             |    12 |    10 |    26 |     8 ||    56
Armor: Leather armour    |    51 |    48 |   100 |    17 ||   216
Dodge: Dodged            |    95 |    62 |   207 |    29 ||   393
